 Dungeon Crawl Stone Soup version 0.23.0 (webtiles) character file.

Game seed: 13038431492717686746

12707 Paps the Unseen (level 11, -1/64 HPs)
             Began as a Vampire Enchanter on Feb 18, 2019.
             Was a Believer of Hepliaklqana.
             Slain by a six-headed hydra (8 damage)
             ... on level 1 of the Lair of Beasts.
             The game lasted 00:50:38 (17424 turns).

Paps the Unseen (Vampire Enchanter)                Turns: 17424, Time: 00:50:40

Health: -1/64      AC:  6    Str:  8    XL:     11   Next: 66%
Magic:  20/32      EV: 12    Int: 22    God:    Hepliaklqana [**....]
Gold:   660        SH: 10    Dex: 14    Spells: 18/24 levels left

rFire    . . .     SeeInvis +   a - +3 dagger
rCold    + . .     Gourm    .   r - +2 shield
rNeg     + + +     Faith    .   y - +1 robe of the Trees {rN++ Str-2 Int+3} (curse)
rPois    +         Spirit   .   (no helmet)
rElec    .         Reflect  .   (no cloak)
rCorr    .         Harm     .   h - +0 pair of gloves
MR       +....                  (no boots)
Stlth    ++++++++..             H - amulet of the acrobat
HPRegen  0.10/turn              B - ring of magical power
MPRegen  0.23/turn              (no ring)

@: regenerating slowly
A: rotting body, reduced essence, fangs 3, thin metallic scales 1, see
invisible, high mp 1, mutation resistance 1, unbreathing
a: Bat Form, Recall Ancestor, Ancestor Identity, Renounce Religion


You were on level 1 of the Lair of Beasts.
You worshipped Hepliaklqana.
Hepliaklqana was pleased with you.
You were very thirsty.

You visited 3 branches of the dungeon, and saw 12 of its levels.

You collected 660 gold pieces.

Inventory:

Hand Weapons
 a - a +3 dagger (weapon)
Armour
 h - a +0 pair of gloves (worn)
 r - a +2 shield (worn)
 y - the cursed +1 robe of the Trees (worn) {rN++ Str-2 Int+3}
   (You took it off a centaur on level 6 of the Dungeon)

   It affects your strength (-2).
   It affects your intelligence (+3).
   It greatly protects you from negative energy.
   It has a curse placed upon it.
Jewellery
 m - the amulet "Wofutt" {Spirit rF+ SInv}
   (You found it on level 5 of the Dungeon)

   [amulet of guardian spirit]

   It causes incoming damage to be split between your health and magic.
   It protects you from fire.
   It lets you see invisible.
 B - a ring of magical power (left hand)
 H - an amulet of the acrobat (around neck)
Wands
 n - a wand of polymorph (6)
 w - a wand of iceblast (10)
 C - a wand of disintegration (14)
 E - a wand of flame (11)
Scrolls
 c - a scroll of acquirement {unknown}
 d - 4 scrolls of teleportation {unknown}
 f - 7 scrolls of identify {unknown}
 g - 6 scrolls of remove curse {unknown}
 j - 2 scrolls of amnesia {unknown}
 k - a scroll of blinking {unknown}
 l - 5 scrolls of magic mapping {unknown}
 p - 4 scrolls of fog {unknown}
 q - 2 scrolls of enchant weapon {unknown}
 t - a scroll of fear {unknown}
 u - 3 scrolls of noise {unknown}
 x - 3 scrolls of enchant armour {unknown}
 A - a scroll of brand weapon {unknown}
 D - a scroll of torment {unknown}
Potions
 b - a potion of flight
 e - 8 potions of curing
 i - 18 potions of blood
 o - 2 potions of lignification {unknown}
 s - a potion of haste
 v - a potion of cancellation
 z - 2 potions of heal wounds
 F - a potion of berserk rage {unknown}
 G - a potion of might


   Skills:
 + Level 2.3 Fighting
 + Level 5.5 Short Blades
 + Level 4.6 Dodging
 * Level 18.4 Stealth
 + Level 2.8 Shields
 + Level 7.1 Spellcasting
 * Level 13.0 Hexes


You had 18 spell levels left.
You knew the following spells:

 Your Spells              Type           Power        Failure   Level  Hunger
a - Corona                Hex            ######.      1%          1    None
b - Ensorcelled Hibernat  Hex/Ice        #####.       4%          2    None
c - Confuse               Hex            ######..     1%          3    None

Your spell library contained the following spells:

 Spells                   Type           Power        Failure   Level  Hunger
 Confusing Touch          Hex            ######       1%          1    None
 Tukima's Dance           Hex            ######..     1%          3    None
 Dazzling Spray           Conj/Hex       #####.       9%          3    None
 Shock                    Conj/Air       #...         36%         1    None
 Swiftness                Chrm/Air       #.......     52%         2    None
 Metabolic Englaciation   Hex/Ice        #####.....   58%         5    #####..
 Yara's Violent Unravell  Hex/Tmut       #####.....   58%         5    #####..
 Gell's Gravitas          Tloc           #.........   75%         3    None
 Static Discharge         Conj/Air       #.......     75%         3    None
 Airstrike                Air            #.........   98%         4    ###....
 Petrify                  Tmut/Erth      #.......     98%         4    ###....
 Lightning Bolt           Conj/Air       #.........   100%        5    #####..


Dungeon Overview and Level Annotations

Branches:
Dungeon (10/15)            Temple (1/1) D:7            Lair (1/6) D:10
    Orc: D:9-12

Altars:
Cheibriados
Dithmenos
Fedhas
Hepliaklqana
Kikubaaqudgha
Okawaru
Trog
Wu Jian
Yredelemnul
Zin
The Shining One

Shops:
D:6 :


Innate Abilities, Weirdness & Mutations

Your body is rotting away.
You thrive on raw meat.
You heal slowly.
You have razor-sharp teeth.
You have supernaturally acute eyesight. (SInv)
You can survive without breathing.
Your life essence is reduced to manifest your ancestor. (-10% HP)
You are partially covered in thin metallic scales. (AC +2)
You have an increased reservoir of magic. (+10% MP)
You are somewhat resistant to further mutation.


Message History

Aim: a six-headed hydra (lightly wounded, lightly drained, chance to defeat MR: 33%)
The six-headed hydra easily resists.
The six-headed hydra bites you!
You block the six-headed hydra's attack. x2
The six-headed hydra closely misses you.
The six-headed hydra bites you but does no damage.
The six-headed hydra bites you!
Liliane hits the six-headed hydra with a +0 dagger of draining.
Casting: Ensorcelled Hibernation (safe; 4% risk of failure)
Confirm with . or Enter, or press ? or * to list all spells.
Aiming: Ensorcelled Hibernation (safe; 4% risk of failure)
Press: ? - help, Shift-Dir - straight line, f/p - six-headed hydra
Aim: a six-headed hydra (lightly wounded, lightly drained, chance to defeat MR: 33%)
The six-headed hydra easily resists.
The six-headed hydra completely misses you.
The six-headed hydra barely misses you. The six-headed hydra bites you!
* * * LOW HITPOINT WARNING * * *
The six-headed hydra bites you!
* * * LOW HITPOINT WARNING * * *
The six-headed hydra bites you!
You die...

... #... . #
#... .. ..
#..#### .P.
...###...#.#...#
..............#
.............#
#..D# #.@R##
#....# #...##
##..# #..##
#...# #...#
###..# #P...##
.#


You could see the friendly Liliane the hexer and a six-headed hydra.

Vanquished Creatures
  3 two-headed ogres
  3 death yaks
  The ghost of Jaiteiro the Archer, a novice CeHu (D:5)
  A spiny frog (Lair:1)
  A troll (D:10)
  Grinder (D:3)
  A hornet (D:10)
  4 hippogriffs
  A basilisk (Lair:1)
  6 yaks
  A steam dragon (D:9)
  Menkaure (D:6)
  A hungry ghost (D:8)
  Duvessa (D:6)
  2 floating eyes (D:10)
  A phantom (D:8)
  3 black bears
  3 sky beasts
  3 orc warriors
  5 ice beasts
  6 ogres
  8 centaurs
  2 crocodiles (Lair:1)
  Blork the orc (D:6)
  7 bullfrogs
  3 gnoll sergeants (D:6)
  Dowan (D:6)
  3 scorpions
  3 howler monkeys
  3 crimson imps
  A gnoll shaman (D:10)
  A quasit (D:9)
  A jelly (D:10)
  2 orc priests (D:6)
  4 bullfrog skeletons
  9 hounds
  4 orc wizards
  Terence (D:2)
  A hell rat (D:10)
  6 worker ants (D:10)
  A hound zombie (D:5)
  A hound skeleton (D:6)
  A worker ant zombie (D:6)
  19 gnolls
  11 adders
  A river rat (D:10)
  2 shadow imps
  2 oozes
  An adder zombie (D:9)
  3 worms
  7 leopard geckos
  10 orcs
  3 bats
  2 giant cockroaches
  7 hobgoblins
  2 jackals (D:5)
  7 kobolds
  6 quokkas
  2 ball pythons
  6 frilled lizards
  7 goblins
  A quokka skeleton (D:5)
  12 rats
  A butterfly (Lair:1)
225 creatures vanquished.

Vanquished Creatures (collateral kills)
  A merfolk (D:9)
  A big kobold (D:8)
  A bullfrog (D:8)
  An iguana (D:8)
  2 orc wizards
  An adder (D:8)
  2 gnolls (D:7)
  A river rat (D:10)
  2 orcs (D:8)
  A quokka (D:10)
  2 kobolds (D:8)
  A rat (D:10)
16 creatures vanquished.

Vanquished Creatures (others)
  3 hexers (D:10)
  An ancestor (D:7)
4 creatures vanquished.

Grand Total: 245 creatures vanquished

Notes
Turn   | Place    | Note
-------+----------+-------------------------------------------
     0 | D:1      | Paps the Vampire Enchanter began the quest for the Orb.
     0 | D:1      | Reached XP level 1. HP: 13/13 MP: 3/3
   181 | D:1      | Reached XP level 2. HP: 13/19 MP: 5/5
   513 | D:1      | Learned a level 2 spell: Ensorcelled Hibernation
  1481 | D:1      | Reached skill level 5 in Stealth
  2187 | D:2      | Reached XP level 3. HP: 24/24 MP: 6/6
  2192 | D:2      | Learned a level 3 spell: Confuse
  2263 | D:2      | Reached skill level 5 in Hexes
  2292 | D:2      | Reached skill level 6 in Stealth
  2292 | D:2      | Reached XP level 4. HP: 30/30 MP: 5/7
  2680 | D:2      | Noticed Terence
  2687 | D:2      | Killed Terence
  3266 | D:3      | Noticed Grinder
  3589 | D:3      | Reached skill level 7 in Stealth
  3589 | D:3      | Reached XP level 5. HP: 35/35 MP: 1/8
  4021 | D:3      | Paralysed by Grinder for 7 turns
  4077 | D:3      | Killed Grinder
  4077 | D:3      | Reached skill level 8 in Stealth
  4077 | D:3      | Reached XP level 6. HP: 28/42 MP: 2/9
  4919 | D:4      | Reached skill level 9 in Stealth
  4954 | D:4      | Reached XP level 7. HP: 33/47 MP: 4/11
  5466 | D:4      | Found a glowing silver altar of Zin.
  5724 | D:5      | Entered Level 5 of the Dungeon
  6012 | D:5      | Reached skill level 10 in Stealth
  6133 | D:5      | Found a runed translucent door.
  6133 | D:5      | Noticed Jaiteiro's ghost (novice CeHu)
  6137 | D:5      | Noticed a death knight
  6155 | D:5      | Killed Jaiteiro's ghost
  6155 | D:5      | Reached skill level 1 in Fighting
  6155 | D:5      | Reached skill level 11 in Stealth
  6155 | D:5      | Reached XP level 8. HP: 27/54 MP: 6/12
  6712 | D:5      | Gained mutation: You are dopey. (Int -2) [potion of
                  | mutation]
  6712 | D:5      | Gained mutation: You are partially covered in thin metallic
                  | scales. (AC +2) [potion of mutation]
  7948 | D:5      | Got a fine steel amulet
  7950 | D:5      | Identified the amulet "Wofutt" {Spirit rF+ SInv} (You found
                  | it on level 5 of the Dungeon)
  8092 | D:6      | Noticed Blork the orc
  8113 | D:6      | Reached skill level 12 in Stealth
  8115 | D:6      | Killed Blork the orc
  8650 | D:6      | Noticed Menkaure
  9007 | D:6      | Noticed Dowan
  9084 | D:6      | Identified the cursed +1 robe of the Trees {rN++ Str-2
                  | Int+3}
  9493 | D:6      | Killed Menkaure
  9493 | D:6      | Reached skill level 1 in Shields
 10024 | D:6      | Reached XP level 9. HP: 61/61 MP: 11/14
 10038 | D:6      | Reached skill level 13 in Stealth
 10136 | D:6      | Noticed Duvessa
 10204 | D:6      | Killed Duvessa
 10316 | D:6      | Killed Dowan
 10392 | D:6      | Found Sifador's Book Boutique.
 10961 | D:7      | Found a staircase to the Ecumenical Temple.
 10986 | Temple   | Entered the Ecumenical Temple
 11082 | Temple   | Became a worshipper of Hepliaklqana the Forgotten
 11166 | D:7      | Reached skill level 14 in Stealth
 11390 | D:7      | Lost mutation: You are dopey. (Int -2) [potion of mutation]
 11390 | D:7      | Gained mutation: You are somewhat resistant to further
                  | mutation. [potion of mutation]
 11390 | D:7      | Gained mutation: You have an increased reservoir of magic.
                  | (+10% MP) [potion of mutation]
 11681 | D:7      | Reached * piety under Hepliaklqana
 12020 | D:7      | Reached skill level 10 in Hexes
 12110 | D:8      | Found an ornate altar of the Wu Jian Council.
 12153 | D:8      | Reached skill level 5 in Spellcasting
 12343 | D:8      | Reached XP level 10. HP: 60/60 MP: 18/19
 12355 | D:8      | Reached skill level 15 in Stealth
 12717 | D:9      | Noticed a two-headed ogre
 12724 | D:9      | Killed a two-headed ogre
 12936 | D:9      | Reached skill level 16 in Stealth
 12937 | D:9      | HP: 1/60 [yak (5)]
 14151 | D:9      | Reached ** piety under Hepliaklqana
 14152 | D:9      | Remembered your ancestor Liliane as a hexer
 14447 | D:9      | Noticed a two-headed ogre
 14454 | D:9      | Killed a two-headed ogre
 14739 | D:10     | Entered Level 10 of the Dungeon
 14751 | D:10     | Noticed a death yak
 14753 | D:10     | Found a staircase to the Lair.
 14755 | D:10     | Noticed a death yak
 14758 | D:10     | Noticed a death yak
 15568 | D:10     | Reached skill level 17 in Stealth
 15625 | D:10     | Reached skill level 5 in Short Blades
 16037 | D:10     | Reached XP level 11. HP: 59/64 MP: 22/22
 16639 | D:10     | Noticed a two-headed ogre
 16646 | D:10     | Killed a two-headed ogre
 16826 | D:9      | Killed a death yak
 16826 | D:9      | Reached skill level 18 in Stealth
 16897 | D:9      | Killed a death yak
 16971 | D:10     | Killed a death yak
 17273 | Lair:1   | Entered Level 1 of the Lair of Beasts
 17417 | Lair:1   | Noticed a six-headed hydra
 17424 | Lair:1   | Slain by a six-headed hydra

Skill      XL: |  1  2  3  4  5  6  7  8  9 10 11 |
---------------+----------------------------------+-----
Stealth        | 5 6 7 8 9 11 12 14 17 18 | 18.4
Hexes          | 5 6 7 8 10 11 13 | 13.0
Short Blades   | 2 3 4 5 |  5.5
Dodging        | 3 4 |  4.6
Spellcasting   | 3 5 6 7 |  7.1
Fighting       | 1 2 |  2.3
Shields        | 1 2 |  2.8

Action                   |  1- 3 |  4- 6 |  7- 9 | 10-12 || total
-------------------------+-------+-------+-------+-------++-------
Melee: Dagger            |   111 |   107 |   238 |   171 ||   627
       Bite              |     4 |     6 |    25 |    14 ||    49
 Cast: Ensorcelled Hiber |    11 |    31 |    79 |    82 ||   203
       Confuse           |       |     5 |    18 |    23 ||    46
Invok: Ancestor Life: He |       |       |       |     1 ||     1
       Ancestor Identity |       |       |       |     1 ||     1
 Abil: End Transformatio |       |       |     2 |     4 ||     6
       Bat Form          |       |       |     2 |     4 ||     6
  Use: Potion            |     1 |     4 |    18 |     7 ||    30
 Stab: Sleeping          |    16 |    33 |    58 |    56 ||   163
       Distracted        |       |     1 |     1 |     2 ||     4
       Confused          |       |     2 |     6 |    18 ||    26
Armor: Robe              |    15 |    23 |    58 |    18 ||   114
Dodge: Dodged            |    56 |    75 |    85 |    75 ||   291
Block: Shield            |       |       |    78 |    89 ||   167
